 Dungeon Crawl Stone Soup version 0.29.0-13-gc9e81de378 (webtiles) character file.

Game seed: 8151686526841271121

65 Descartes the Shield-Bearer (level 4, -6/35 HPs)
             Began as a Formicid Fighter on Sept 7, 2022.
             Killed by divine providence
             ... invoked by an orc priest
              (11 damage)
             ... on level 3 of the Dungeon.
             The game lasted 00:04:31 (2157 turns).

Descartes the Shield-Bearer (Formicid Fighter)      Turns: 2157, Time: 00:04:31

Health: -6/35      AC:  7    Str: 23    XL:     4   Next: 34%
Magic:  4/4        EV:  9    Int:  7    God:
Gold:   193        SH:  5    Dex: 13    Spells: 3/3 levels left

rFire   . . .      SeeInvis +   a - +0 war axe
rCold   . . .      Faith    .   c - +0 buckler
rNeg    . . .      Spirit   .   b - +0 scale mail
rPois   .          Reflect  .   (helmet unavailable)
rElec   .          Harm     .   (no cloak)
rCorr   .          Rampage  .   (no gloves)
Will    .....                   (no boots)
Stlth   ..........              (no amulet)
HPRegen 0.11/turn               (no ring)
MPRegen 0.09/turn               (no ring)

@: no status effects
A: permanent stasis, dig shafts and tunnels, antennae 3, four strong arms
a: Dig, Shaft Self


You were on level 3 of the Dungeon.
You visited 1 branch of the dungeon, and saw 3 of its levels.

You collected 193 gold pieces.

Inventory:

Hand Weapons
 a - a +0 war axe (weapon)
Missiles
 i - 6 silver javelins
 l - 5 poisoned darts
 p - 20 stones
Armour
 b - a +0 scale mail (worn)
 c - a +0 buckler (worn)
Jewellery
 o - a ring of ice
Wands
 k - a wand of light (9)
 q - a wand of mindburst (14)
 t - a wand of polymorph (8)
Scrolls
 e - 3 scrolls of immolation {unknown}
 g - 5 scrolls of identify {unknown}
 h - a scroll of torment {unknown}
 m - a scroll of amnesia {unknown}
 n - a scroll of enchant armour {unknown}
 r - 2 scrolls of enchant weapon {unknown}
Potions
 d - a potion of might
 f - a potion of berserk rage {unknown}
 j - 2 potions of curing {unknown}
 s - 3 potions of heal wounds {unknown}


   Skills:
 - Level 3.2 Fighting
 + Level 2.9 Axes
 + Level 4.1 Armour
 + Level 4.9 Shields


You had 3 spell levels left.
You didn't know any spells.
Your spell library was empty.

Dungeon Overview and Level Annotations

Branches:
Dungeon (3/15)

Altars:

Shops:
D:1 =


Innate Abilities, Weirdness & Mutations

You cannot be hasted, slowed, berserked, paralysed or teleported.
You can dig through walls and to a lower floor.
You have a pair of large antennae on your head. (SInv)
Your four strong arms can wield two-handed weapons with a shield.


Message History

No target in view!
No target in view!
No target in view!
No target in view!
No target in view!
No target in view!
No target in view!
No target in view!
Found a spear.
You see here a +0 spear.
You see here a +0 spear.
You see here a giant cockroach corpse.
An orc priest comes into view. It is wielding a +0 club.
The orc priest shouts!
You hear a shout!
A hobgoblin, an orc priest, 2 orcs and an orc wizard come into view.
Found a scroll labelled ZAESIC JU FEV.
The hobgoblin shouts!
The orc shouts!
The orc priest shouts!
The orc shouts!
The orc wizard shouts!
The orc priest closely misses you.
You barely miss the orc priest.
The orc priest hits you but does no damage.
The orc priest calls down the wrath of Beogh upon you.
Beogh smites you!
You hit the orc priest.
The orc priest is lightly wounded.
The orc wizard casts a spell.
The orc wizard flickers and vanishes for a moment.
The orc priest calls down the wrath of Beogh upon you.
Beogh smites you!
* * * LOW HITPOINT WARNING * * *
The orc priest calls upon Beogh to heal the orc priest.
The orc priest's wounds heal themselves!
You are too injured to fight recklessly!
You are too injured to fight recklessly!
You are too injured to fight recklessly!
You are too injured to fight recklessly!
You are too injured to fight recklessly!
The orc priest invokes the aid of Beogh against you.
Beogh smites you!
You die...

##..##
##.#...##......####.# #
#..## #...####.#...## #.#
# ##.## ###.# #.#.###
#.#### #..#
#######.####.#.# #.#...
#.## #....)...#...#.#
#...## #.#
###.######.#.###.# ##..##
..# #...# ##.†.....#
##..## ### #.###
##....##### ##...# #.#
#..#.@### ###....#
#.######.....o.## #....###
###.#...>..#####..###.##.#
###.....##..## ##o.#.. #.#
#### #.....####.##
#....###.# #... #...###
#..# {{.{#.###..###...
#..## #.##
{..#............ ...# ...#
.o.######.###.... #.##
##### .... #.# #....


You could see an orc priest and an orc.

Vanquished Creatures
  2 adders (D:2)
  2 orcs (D:3)
  3 ball pythons
  6 bats
  2 endoplasms (D:1)
  3 giant cockroaches
  4 goblins
  6 hobgoblins
  5 jackals
  A quokka (D:2)
  3 frilled lizards
  A kobold (D:2)
  3 rats
41 creatures vanquished.

Notes
Turn   | Place    | Note
-------+----------+-------------------------------------------
     0 | D:1      | Descartes the Formicid Fighter began the quest for the Orb.
     0 | D:1      | Reached XP level 1. HP: 18/18 MP: 1/1
   258 | D:1      | Reached XP level 2. HP: 23/24 MP: 2/2
   332 | D:1      | Found a faded altar of an unknown god.
   629 | D:1      | Found Elaotealerr's Jewellery Boutique.
   896 | D:1      | Reached XP level 3. HP: 29/29 MP: 3/3
  1455 | D:2      | Reached XP level 4. HP: 35/35 MP: 4/4
  2157 | D:3      | Killed from afar by an orc priest

Illustrated notes

Levels and vault maps discovered:
D:1:      nicolae_arrival_somewhat_less_tricky_arrival, layout_basic,
          serial_shops, shop, hellmonk_ecumenical_altar_zigzags,
          corexii_item_surrounded_by_moat
D:2:      layout_loops_cross
D:3:      layout_rooms

Skill      XL: |  1  2  3 |
---------------+----------+-----
Armour         | 4 |  4.1
Fighting       | |  3.2
Axes           | |  2.9
Shields        | |  4.9

Action                   |  1- 3 |  4- 6 || total
-------------------------+-------+-------++-------
Melee: War axe           |    71 |    32 ||   103
Armor: Scale mail        |    34 |    17 ||    51
Dodge: Dodged            |    37 |    14 ||    51
Block: Buckler           |    19 |    10 ||    29
